 Dungeon Crawl Stone Soup version 0.21-a0-434-g806c6c2 (webtiles) character file.

12 sugabear the Insei (level 2, 0/21 HPs)
             Began as a Demonspawn Transmuter on Nov 8, 2017.
             Slain by a gnoll (3 damage)
             ... on level 1 of the Dungeon.
             The game lasted 00:00:47 (621 turns).

sugabear the Insei (Demonspawn Transmuter)           Turns: 621, Time: 00:00:48

Health: 0/21       AC:  2    Str: 10    XL:     2   Next: 20%
Magic:  4/5        EV: 12    Int: 14    God:
Gold:   37         SH:  0    Dex: 13    Spells: 4/5 levels left

rFire    + . .     SeeInvis .     - Unarmed
rCold    . . .     Gourm    .   (no shield)
rNeg     . . .     Faith    .   b - +0 robe
rPois    .         Spirit   .   (no helmet)
rElec    .         Reflect  .   (no cloak)
rCorr    .         Harm     .   (no gloves)
MR       .....                  (no boots)
Stlth    +.........             (no amulet)
HPRegen  0.07/turn              (no ring)
MPRegen  0.09/turn              (no ring)

@: appendage
A: horns 2, fire resistance 1
a: End Transformation


You were on level 1 of the Dungeon.
You were not hungry.
You had grown temporary horns.
You visited 1 branch of the dungeon, and saw 1 of its levels.

You collected 37 gold pieces.

Inventory:

Missiles
 a - 27 arrows
Armour
 b - a +0 robe (worn)
Scrolls
 e - a scroll of immolation {unknown}
 h - a scroll of identify {unknown}
Potions
 i - a potion of degeneration {unknown}
Books
 c - a book of Changes

   Spells                             Type                      Level
   a - Beastly Appendage              Transmutation                1
   b - Sticks to Snakes               Transmutation                2
   c - Spider Form                    Transmutation/Poison         3
   d - Ice Form                       Ice/Transmutation            4
   e - Blade Hands                    Transmutation                5
Comestibles
 d - a bread ration
 f - a meat ration
 g - a chunk of flesh


   Skills:
 + Level 1.0 Fighting
 + Level 1.7 Dodging
 + Level 2.9 Unarmed Combat
 + Level 2.0 Spellcasting
 + Level 2.3 Transmutations


You had 4 spell levels left.
You knew the following spells:

 Your Spells              Type           Power        Failure   Level  Hunger
a - Beastly Appendage     Tmut           #.....       9%          1    ##.....


Dungeon Overview and Level Annotations

Branches:
Dungeon (1/15)

Altars:


Innate Abilities, Weirdness & Mutations

Your flesh is heat resistant. (rF+)
You have a pair of horns on your head.


Message History

You completely miss the gnoll. You headbutt the gnoll.
The gnoll is severely wounded.
The gnoll closely misses you.
Unknown command.
You hit the gnoll.
The gnoll is almost dead.
The gnoll closely misses you.
You barely miss the gnoll.
The gnoll is almost dead.
The gnoll barely misses you.
You barely miss the gnoll.
You headbutt the gnoll, but do no damage.
The gnoll is almost dead.
The gnoll hits you.
* * * LOW HITPOINT WARNING * * *
Unknown command.
You hit the gnoll.
The gnoll is almost dead.
The gnoll hits you.
You die...

........).......
###......#######
#####........#
#.######.# #.#
#.# ###.### #.#
#.....# #.#
#########(###.#
#.#####
..!...g@...##.#
#......
...#####...##.#
#..##.. #......#
#..##.# ##..####
#..##.# #..#
#.(...# ....#
##.##.# )...##
##.##.# #.#####
#..##.. .
........#####


You could see a gnoll.

Vanquished Creatures
  3 bats (D:1)
  3 goblins (D:1)
  2 hobgoblins (D:1)
  A frilled lizard (D:1)
  2 kobolds (D:1)
11 creatures vanquished.

Notes
Turn   | Place    | Note
-------+----------+-------------------------------------------
     0 | D:1      | sugabear the Demonspawn Transmuter began the quest for the Orb.
     0 | D:1      | Reached XP level 1. HP: 15/15 MP: 3/3
   516 | D:1      | Gained mutation: Your flesh is heat resistant. (rF+) [demonic ancestry]
   516 | D:1      | Reached XP level 2. HP: 19/21 MP: 3/5
   621 | D:1      | Slain by a gnoll

Vault maps used:
D:1:      dpeg_arrival_tiny_j, minmay_statues_item, minmay_shallow_snake_nest

Skill      XL: |  1 |
---------------+----+-----
Transmutations | 2 |  2.3
Fighting       | |  1.0
Dodging        | |  1.7
Unarmed Combat | |  2.9
Spellcasting   | |  2.0

Action                   || total
-------------------------++-------
Melee: Unarmed           ||    52
       Kick              ||     4
       Headbutt          ||     2
       Punch             ||     1
 Cast: Beastly Appendage ||    10
Armor: Robe              ||    15
Dodge: Dodged            ||    41

Table legend:
 A = Spawn XP
 B = Non-spawn XP
 C = Spawn XP percentage of total XP
 D = Spawn monster count
 E = Non-spawn monster count
 F = Spawn count percentage of total count
 G = Total turns spent on level
                    A         B        C        D         E        F      G
               +---------+---------+-------+---------+---------+-------+---------
         Total |       0 |      18 |   0.0 |       0 |      11 |   0.0 |   621
               +---------+---------+-------+---------+---------+-------+---------
           D:1 |       0 |      18 |   0.0 |       0 |      11 |   0.0 |   621
               +---------+---------+-------+---------+---------+-------+---------
